cohdb
Replays
Latest Replays
All Replays
Popular Replays
Top Player Replays
Match Explorer
How It Works
Community
CoH3 Stats
Reddit
Sign in to upload your games and track your stats! →
Sign in with Steam
Match 41904095
Unlisted
Match 41904095
Overview
Messages
Build Orders
End
Selects Italian Combined Arms Battlegroup
Selects Bersaglieri Squad
Bersaglieri Squad
250 Light Carrier
Bersaglieri Squad
Bersaglieri Squad
Construct Light Support Kompanie
Combat Half-tracks
Bersaglieri Squad
2.5-tonne Medical Truck
Selects Semovente da 75/18 Assault Gun
Lt_Stade
Dreadums
Tanith's Finest
Hetalar
Aguirre
Farseer
OsteoporoticBoxer
MacheteCL415
0
0
Comments
sign in to comment!
No comments posted yet!